 Dungeon Crawl Stone Soup version 0.30-a0-263-ge22c4ad894 (webtiles) character file.

Game seed: 14059043136889254405

42 Iusername the Covered (level 3, -1/49 HPs)
             Began as a Minotaur Fighter on Oct 13, 2022.
             Was a Follower of Nemelex Xobeh.
             Slain by Sigmund
             ... wielding a +6 scythe of protection
              (8 damage)
             ... on level 2 of the Dungeon.
             The game lasted 00:03:25 (979 turns).

Iusername the Covered (Minotaur Fighter)             Turns: 979, Time: 00:03:26

Health: -1/49      AC: 21    Str: 22    XL:     3   Next: 33%
Magic:  2/2        EV:  2    Int:  5    God:    Nemelex Xobeh [*.....]
Gold:   50         SH:  4    Dex:  9    Spells: 2/2 levels left

rFire   . . .      SeeInvis .    a - +3 trident
rCold   . . .      Faith    .    c - +0 buckler
rNeg    . . .      Spirit   .    (body armour currently unavailable)
rPois   +          Reflect  .    (helmet currently unavailable)
rElec   .          Harm     .    (cloak currently unavailable)
rCorr   .          Rampage  .    (gloves currently unavailable)
Will    .....      NoTele   +    (boots currently unavailable)
Stlth   +.........               (no amulet)
HPRegen 0.28/turn                (no ring)
MPRegen 0.08/turn                (no ring)

@: tree-form
A: stationary, stasis, torment immunity, boosted hp, (horns 2), (retaliatory
headbutt)
a: Renounce Religion, Draw Escape, Draw Destruction, Draw Summoning


You were on level 2 of the Dungeon.
You worshipped Nemelex Xobeh.
Nemelex Xobeh was aware of your devotion.
You were a tree.
You visited 1 branch of the dungeon, and saw 2 of its levels.

You collected 50 gold pieces.

Inventory:

Hand Weapons
 a - a +3 trident (weapon)
Armour
 b - a +0 scale mail (melded)
 c - a +0 buckler (worn)
Jewellery
 l - an amulet of faith
Scrolls
 f - a scroll of enchant armour {unknown}
 g - 2 scrolls of identify {unknown}
 h - 2 scrolls of noise {unknown}
 j - a scroll of enchant weapon
Potions
 d - a potion of might
 e - a potion of lignification
 i - a potion of heal wounds {unknown}
 k - a potion of curing {unknown}


   Skills:
 + Level 4.1 Fighting
 + Level 3.1 Polearms
 + Level 4.1 Armour
 + Level 4.1 Shields


You had 2 spell levels left.
You didn't know any spells.
Your spell library contained the following spells:

 Spells                   Type           Power      Damage    Failure   Level
 Cigotuvi's Dreadful Rot  Necr/Pois/Air  0%         N/A       71%         2
 Poisonous Vapours        Pois/Air       0%         N/A       71%         2
 Mephitic Cloud           Conj/Pois/Air  0%         N/A       90%         3


Dungeon Overview and Level Annotations

Branches:
Dungeon (2/15)

Altars:
Nemelex Xobeh

Annotations:
D:2 1 runed translucent door, Crazy Yiuf, Sigmund


Innate Abilities, Weirdness & Mutations

You are a tree.
Your roots penetrate the ground, keeping you stationary.
You cannot be teleported.
You are immune to unholy pain and torment.
Your maximum health is greatly increased.
Your equipment is partially melded.
((You have a pair of horns on your head.))
((You reflexively headbutt those who attack you in melee.))


Message History

You hear some strange, mumbled words.
You are confused.
You are too confused!
You cannot move. (Use ctrl+direction or * direction to attack while stationary and confused.)
You cannot move. (Use ctrl+direction or * direction to attack while stationary and confused.)
You cannot move. (Use ctrl+direction or * direction to attack while stationary and confused.)
Okay, then.
Something hits you. Something hits you. Something hits you!
* * * LOW HITPOINT WARNING * * *
You feel less confused. Something hits you but does no damage.
You block something's attack. Something hits you but does no damage.
Okay, then.
Okay, then.
There are no items here.
You cannot move.
You cannot move.
You cannot move.
You cannot move.
There are no items here.
(D) Dungeon
Where to? (? - help)
Okay, then.
There's something in the way.
You swing at nothing.
Something hits you!
* * * LOW HITPOINT WARNING * * *
There's something in the way.
There's something in the way.
There's something in the way.
There's something in the way.
There's something in the way.
You swing at nothing.
You block something's attack.
You swing at nothing.
Something hits you but does no damage.
You swing at nothing.
You swing at nothing.
Something hits you!
You die...
Your body disappears without a glow.

#.......###.##.###.##
###
#.#...#.##...#.##...#
#.#...#.##.#.)......# #
#............##...#
#######
#...#.###...(######
#†..... ......# ##.#.#
#.#####
###########.#.########.#
#...{.)..........#
.....##♣.########### #.#
#..# ....# .......
.........# .........#
#........# .........#


There were no monsters in sight!

Vanquished Creatures
  3 bats
  3 endoplasms
  7 goblins
  7 hobgoblins
  2 kobolds
  2 quokkas (D:1)
  5 ball pythons
  4 frilled lizards (D:2)
  4 rats (D:1)
37 creatures vanquished.

Notes
Turn   | Place    | Note
-------+----------+-------------------------------------------
     0 | D:1      | Iusername the Minotaur Fighter began the quest for the Orb.
     0 | D:1      | Reached XP level 1. HP: 19/19 MP: 0/0
    93 | D:1      | Reached XP level 2. HP: 26/27 MP: 1/1
   641 | D:2      | Reached XP level 3. HP: 30/33 MP: 2/2
   675 | D:2      | Found a runed translucent door.
   676 | D:2      | Noticed Crazy Yiuf
   896 | D:2      | Found a faded altar of an unknown god.
   915 | D:2      | Prayed at the altar of an unknown god.
   915 | D:2      | Became a worshipper of Nemelex Xobeh the Trickster
   915 | D:2      | Reached * piety under Nemelex Xobeh
   927 | D:2      | Received a gift from Nemelex Xobeh
   952 | D:2      | Noticed Sigmund
   979 | D:2      | Slain by Sigmund

Illustrated notes

Levels and vault maps discovered:
D:1:      shiori_arrival_maze, layout_rooms, serial_corexii_hall,
          corexii_hall_statues_l, corexii_hall_statues_i
D:2:      layout_loops_cross, basic_altar, basic_ecumenical_altar, uniq_sigmund,
          uniq_crazy_yiuf_cottage

Skill      XL: |  1  2 |
---------------+-------+-----
Shields        | 4 |  4.1
Fighting       | 4 |  4.1
Armour         | 4 |  4.1
Polearms       | 3 |  3.1

Action                   || total
-------------------------++-------
Melee: Trident           ||    80
       Headbutt          ||    10
  Use: Scroll            ||     3
       Potion            ||     1
Armor: Scale mail        ||    24
       Skin              ||     4
Dodge: Dodged            ||    20
Block: Buckler           ||    10

Table legend: (Time is in decaauts)
 A = Elapsed time spent in this place.
 B = Non-inter-level travel time spent in this place.
 C = Inter-level travel time spent in this place.
 D = Time resting spent in this place.
 E = Time spent auto-exploring this place.
 F = Levels seen in this place.
 G = Mean time per level.
                   A        B        C        D        E       F      G
               +--------+--------+--------+--------+--------+-----+--------+
         Total |    995 |    995 |      0 |      0 |    760 |   2 |  497.5 |
       Dungeon |    995 |    995 |      0 |      0 |    760 |   2 |  497.5 |
               +--------+--------+--------+--------+--------+-----+--------+

Top non-repeatable levels by time:
     D:1: 548 daAuts
     D:2: 446 daAuts
